 Dungeon Crawl Stone Soup version 0.23.0-33-g5e6c059fef (webtiles) character file.

Game seed: 14414558887109701259

33220 PikkenKukken the Cleaver (level 14, -8/111 HPs)
             Began as a Formicid Fighter on Feb 27, 2019.
             Was the Champion of Okawaru.
             Mangled by an elephant (10 damage)
             ... on level 6 of the Lair of Beasts.
             The game lasted 00:30:49 (18165 turns).

PikkenKukken the Cleaver (Formicid Fighter)        Turns: 18165, Time: 00:30:50

Health: -8/111     AC: 18    Str: 22    XL:     14   Next: 6%
Magic:  0/17       EV: 10    Int:  8    God:    Okawaru [******]
Gold:   591        SH: 11    Dex: 18    Spells: 13/13 levels left

rFire    . . .     SeeInvis +   v - +9 staff of Olgreb {rPois}
rCold    . . .     Gourm    .   c - +0 shield
rNeg     . . .     Faith    .   m - +1 plate armour
rPois    ∞         Spirit   +   (helmet unavailable)
rElec    .         Reflect  .   (no cloak)
rCorr    +         Harm     .   (no gloves)
MR       +....                  A - +1 pair of boots {Stlth+}
Stlth    ..........             y - amulet of guardian spirit
HPRegen  0.28/turn              n - +4 ring of dexterity
MPRegen  0.15/turn              s - ring of resist corrosion

@: finesse
A: permanent stasis, dig shafts and tunnels, four strong arms, antennae 3
a: Dig, Shaft Self, Heroism, Finesse, Renounce Religion


You were on level 6 of the Lair of Beasts.
You worshipped Okawaru.
Okawaru was exalted by your worship.
You were not hungry.

You visited 3 branches of the dungeon, and saw 17 of its levels.

You collected 823 gold pieces.
You spent 232 gold pieces at shops.

Inventory:

Hand Weapons
 a - a +1 war axe
 p - a +0 quarterstaff of crushing
 v - the +9 staff of Olgreb (weapon) {rPois}
   (Okawaru gifted it to you on level 5 of the Lair of Beasts)

   It protects you from poison.
 F - a +2 battleaxe of flaming
Missiles
 t - 2 throwing nets (quivered)
Armour
 c - a +0 shield (worn)
 g - a +0 chain mail
 m - a +1 plate armour (worn)
 A - a +1 pair of boots of stealth (worn)
Jewellery
 j - an uncursed amulet of magic regeneration
 n - a +4 ring of dexterity (left hand)
 s - a ring of resist corrosion (right hand)
 y - an amulet of guardian spirit (around neck)
Wands
 b - a wand of iceblast (4)
 u - a wand of flame (13)
 D - a wand of disintegration (20)
Scrolls
 e - 6 scrolls of identify
 h - 2 scrolls of enchant armour
 w - 2 scrolls of enchant weapon
 x - 5 scrolls of remove curse
 E - a scroll of fear
Potions
 d - a potion of lignification
 i - 2 potions of flight
 k - 2 potions of brilliance
 l - 5 potions of curing
 o - a potion of might
 q - 2 potions of resistance
 r - a potion of invisibility
 z - 2 potions of heal wounds
 B - a potion of mutation
Comestibles
 f - 19 rations
 C - 5 chunks of flesh


   Skills:
 + Level 10.8 Fighting
 - Level 12.9 Axes
 * Level 9.1 Staves
 + Level 10.9 Armour
 + Level 8.3 Dodging
 - Level 5.0 Shields
 - Level 5.0 Invocations


You had 13 spell levels left.
You didn't know any spells.
Your spell library contained the following spells:

 Spells                   Type           Power        Failure   Level  Hunger
 Animate Skeleton         Necr           N/A          100%        1    ##.....
 Confusing Touch          Hex            #.....       100%        1    ##.....
 Pain                     Necr           #...         100%        1    ##.....
 Song of Slaying          Chrm           #.......     100%        2    ###....
 Confuse                  Hex            #.......     100%        3    ####...
 Gell's Gravitas          Tloc           #.........   100%        3    ####...
 Ozocubu's Armour         Chrm/Ice       #.......     100%        3    ####...
 Regeneration             Chrm/Necr      #.........   100%        3    ####...
 Vampiric Draining        Necr           #.........   100%        3    ####...
 Animate Dead             Necr           N/A          100%        4    #####..
 Petrify                  Tmut/Erth      #.......     100%        4    #####..
 Metabolic Englaciation   Hex/Ice        #.........   100%        5    ######.
 Yara's Violent Unravell  Hex/Tmut       #.........   100%        5    ######.
 Ring of Flames           Chrm/Fire      #.........   100%        7    #######
 Disjunction              Tloc           #.........   100%        8    #######


Dungeon Overview and Level Annotations

Branches:
Dungeon (10/15)            Temple (1/1) D:6            Lair (6/6) D:8
 Shoals (0/4) Lair:3       Spider (0/4) Lair:2        Slime (0/5) Lair:6
    Orc (0/2) D:10

Altars:
Ashenzari
Cheibriados
Dithmenos
Elyvilon
Fedhas
Gozag
Hepliaklqana
Kikubaaqudgha
Makhleb
Nemelex Xobeh
Okawaru
Qazlal
Ru
Sif Muna
Trog
Uskayaw
Vehumet
Wu Jian
Xom
Yredelemnul
Zin
The Shining One
Jiyva

Shops:
D:10 [[

Annotations:
Lair:3 2 transporters, Hunoa's ghost, journeyman DEFE


Innate Abilities, Weirdness & Mutations

You cannot be hasted, slowed, berserked, paralysed or teleported.
You can dig through walls and to a lower floor.
Your four strong arms can wield two-handed weapons with a shield.
You have a pair of large antennae on your head. (SInv)


Message History

Okawaru accepts your kill.
Unknown command.
You feel like a meek peon again.
The elephant looks more healthy.
The crocodile barely misses you.
The elephant tramples you but does no damage.
The elephant trunk-slaps you but does no damage.
You block the elephant's attack. x2
You see here an elephant corpse.
Unknown command.
You hit the elephant but do no damage.
The elephant is poisoned.
The elephant is lightly wounded.
You block the elephant's attack. The elephant barely misses you.
The crocodile bites you but does no damage.
The elephant tramples you but does no damage.
The elephant trunk-slaps you but does no damage.
Unknown command.
You hit the elephant but do no damage.
The elephant looks even sicker.
The elephant is lightly wounded.
The elephant tramples you!
You die...

........(...........PP...
.....................P.)P
.........................
............................
............_>..............
P......P.#.........†.....P.
...........###....†..!....
#.....#.....##tY..#....... .
##......#...P.@Y...#......
.##.....#.#...##Y.....(.....
.....÷..####..##............
...#.÷...........PP#........
...##......#......P##.......
P...#........P....P# #P....#
............##.##.## {.....
............P###### ..?..
............##


You could see 3 elephants and a crocodile.

Vanquished Creatures
  Rupert (Lair:5)
  Harold (D:9)
  3 hydras
  A two-headed ogre (D:8)
  9 death yaks
  Pikel (D:9)
  A manticore (Lair:3)
  3 elephants (Lair:6)
  2 black mambas (Lair:5)
  5 spiny frogs
  5 komodo dragons
  3 rime drakes
  A polar bear (Lair:6)
  A hornet (D:10)
  12 dream sheep
  Prince Ribbit (D:6)
  3 blink frogs (Lair:2)
  6 hippogriffs
  Sigmund (D:3)
  A wyvern (D:8)
  25 yaks
  4 hogs (D:7)
  A wraith (D:10)
  2 basilisks
  A human (D:7)
  4 hungry ghosts
  3 wargs (D:8)
  2 water moccasins
  12 porcupines
  4 slaves (D:9)
  3 sky beasts
  An ice beast (D:8)
  3 black bears
  2 phantoms
  5 orc warriors
  2 necrophages (D:10)
  2 ogres
  3 wolves (Lair:1)
  2 centaurs (D:8)
  9 crocodiles
  2 big kobolds
  5 bullfrogs
  2 scorpions
  5 killer bees (D:4)
  2 electric eels
  2 crimson imps (D:6)
  A lava snake (Lair:4)
  A quasit (D:9)
  2 jellies
  4 hounds
  15 orc wizards
  3 centaur skeletons
  3 orc priests
  An iguana (D:8)
  5 worker ants
  2 hound skeletons (D:7)
  13 adders
  6 gnolls (D:8)
  A shadow imp (D:9)
  An adder skeleton (D:6)
  2 worms (D:2)
  5 dart slugs
  2 leopard geckos (D:8)
  28 orcs
  7 bats
  5 giant cockroaches
  10 goblins
  11 hobgoblins
  15 jackals
  22 kobolds
  3 quokkas
  7 frilled lizards
  A giant cockroach zombie (D:5)
  6 rats
  A fungus (Lair:3)
352 creatures vanquished.

Vanquished Creatures (others)
  A shadow imp (D:6)
  An orc (D:6)
  A fungus (Lair:3)
  4 plants
7 creatures vanquished.

Grand Total: 359 creatures vanquished

Notes
Turn   | Place    | Note
-------+----------+-------------------------------------------
     0 | D:1      | PikkenKukken the Formicid Fighter began the quest for the
                  | Orb.
     0 | D:1      | Reached XP level 1. HP: 18/18 MP: 1/1
    73 | D:1      | Reached XP level 2. HP: 21/24 MP: 2/2
   241 | D:1      | Reached XP level 3. HP: 29/29 MP: 3/3
   848 | D:2      | Reached XP level 4. HP: 32/37 MP: 4/4
   882 | D:2      | Reached skill level 3 in Axes
   949 | D:2      | Found a snail-covered altar of Cheibriados.
   949 | D:2      | Found an opulent altar of Gozag.
   957 | D:2      | Found a glowing silver altar of Zin.
   965 | D:2      | Found a deep blue altar of Sif Muna.
   967 | D:2      | Found an ancient bone altar of Kikubaaqudgha.
  1268 | D:2      | Noticed a +0 hand axe
  1268 | D:2      | Noticed a +0 hand axe
  1395 | D:2      | Found a hide-covered altar of Uskayaw.
  1526 | D:2      | Reached XP level 5. HP: 32/42 MP: 5/5
  2203 | D:3      | Noticed Sigmund
  2211 | D:3      | Killed Sigmund
  2211 | D:3      | Reached skill level 4 in Axes
  2211 | D:3      | Reached XP level 6. HP: 45/49 MP: 6/6
  2633 | D:3      | Found an ornate altar of the Wu Jian Council.
  2787 | D:4      | Reached skill level 5 in Shields
  2898 | D:4      | Reached XP level 7. HP: 22/55 MP: 7/7
  2932 | D:4      | Reached skill level 5 in Axes
  2932 | D:4      | Reached skill level 1 in Dodging
  2933 | D:4      | Reached skill level 5 in Armour
  3553 | D:5      | Entered Level 5 of the Dungeon
  3565 | D:5      | Reached skill level 5 in Fighting
  3579 | D:5      | Reached XP level 8. HP: 47/62 MP: 8/8
  4767 | D:6      | Reached skill level 6 in Axes
  4767 | D:6      | Reached skill level 1 in Staves
  4807 | D:6      | Found a staircase to the Ecumenical Temple.
  4816 | Temple   | Entered the Ecumenical Temple
  4864 | Temple   | Became a worshipper of Warmaster Okawaru
  5499 | D:6      | Reached skill level 1 in Invocations
  5723 | D:6      | Noticed Prince Ribbit
  5734 | D:6      | Killed Prince Ribbit
  5734 | D:6      | Reached * piety under Okawaru
  5734 | D:6      | Reached XP level 9. HP: 54/69 MP: 8/10
  5919 | D:7      | Found a radiant altar of Vehumet.
  6287 | D:7      | Reached skill level 7 in Axes
  6598 | D:7      | Reached ** piety under Okawaru
  7389 | D:8      | Reached XP level 10. HP: 48/77 MP: 12/12
  7416 | D:8      | Reached skill level 8 in Axes
  7544 | D:8      | Reached *** piety under Okawaru
  7795 | D:8      | Found a staircase to the Lair.
  8087 | D:8      | Noticed a two-headed ogre
  8102 | D:8      | Killed a two-headed ogre
  8305 | D:8      | Reached **** piety under Okawaru
  8349 | D:8      | Reached skill level 5 in Invocations
  8444 | D:8      | Reached skill level 9 in Axes
  8578 | D:8      | Found a sacrificial altar of Ru.
  9164 | D:9      | Noticed Harold
  9202 | D:9      | Killed Harold
  9202 | D:9      | Reached skill level 5 in Dodging
  9202 | D:9      | Reached XP level 11. HP: 41/85 MP: 14/14
  9443 | D:9      | Found a white marble altar of Elyvilon.
  9503 | D:9      | Noticed Pikel
  9520 | D:9      | Killed Pikel
  9520 | D:9      | Reached skill level 5 in Staves
  9592 | D:9      | Reached ***** piety under Okawaru
  9747 | D:9      | Found a basalt altar of Yredelemnul.
 10164 | D:10     | Entered Level 10 of the Dungeon
 10298 | D:10     | Found Penweaq's Antique Armour Shoppe.
 10301 | D:10     | Bought a pair of runed boots for 232 gold pieces
 10396 | D:10     | Found Igull's Armour Boutique.
 10396 | D:10     | Found a staircase to the Orcish Mines.
 10422 | D:10     | Reached skill level 10 in Axes
 10718 | D:10     | Received a gift from Okawaru
 10855 | D:10     | Found a burning altar of Makhleb.
 10855 | D:10     | Noticed a cacodemon
 11083 | Lair:1   | Entered Level 1 of the Lair of Beasts
 11364 | Lair:1   | Received a gift from Okawaru
 11402 | Lair:1   | Got a pair of faintly humming boots {god gift}
 11413 | Lair:1   | Identified the +0 pair of boots of the Spheres {*Slow
                  | Dex+3} (Okawaru gifted it to you on level 1 of the Lair of
                  | Beasts)
 12177 | Lair:1   | Reached XP level 12. HP: 86/94 MP: 12/15
 12794 | Lair:2   | Found a hole to the Spider Nest.
 12825 | Lair:2   | Reached skill level 11 in Axes
 14031 | Lair:3   | Found a transporter.
 14031 | Lair:3   | Noticed Hunoa's ghost (journeyman DEFE)
 14032 | Lair:3   | Noticed a six-headed hydra
 14047 | Lair:3   | Found a transporter.
 14048 | Lair:3   | Found a staircase to the Shoals.
 14459 | Lair:4   | Identified the Compendium of Enhancements and the Compass
 14759 | Lair:4   | Noticed a four-headed hydra
 14767 | Lair:4   | Killed a one-headed hydra
 14821 | Lair:4   | Found a shimmering altar of Xom.
 15135 | Lair:4   | Noticed an eight-headed hydra
 15146 | Lair:4   | Killed a two-headed hydra
 15146 | Lair:4   | Reached XP level 13. HP: 53/103 MP: 10/16
 15483 | Lair:4   | Reached skill level 12 in Axes
 15522 | Lair:4   | Reached skill level 10 in Armour
 15734 | Lair:5   | Noticed an eight-headed hydra
 15741 | Lair:5   | Killed a two-headed hydra
 15741 | Lair:5   | Reached skill level 10 in Fighting
 15772 | Lair:5   | Noticed Rupert
 15789 | Lair:5   | Killed Rupert
 15789 | Lair:5   | Received a gift from Okawaru
 15790 | Lair:5   | Found the +9 staff of Olgreb {rPois}
 15792 | Lair:5   | Reached ****** piety under Okawaru
 15796 | Lair:5   | HP: 5/103 [death yak (3)]
 17202 | Lair:5   | Received a gift from Okawaru
 17852 | Lair:6   | Entered Level 6 of the Lair of Beasts
 18046 | Lair:6   | Found a viscous altar of Jiyva.
 18058 | Lair:6   | Reached XP level 14. HP: 84/111 MP: 13/17
 18072 | Lair:6   | Found a staircase to the Slime Pits.
 18158 | Lair:6   | HP: 5/111 [elephant (9)]
 18159 | Lair:6   | HP: 1/111 [crocodile (4)]
 18165 | Lair:6   | Mangled by an elephant

Skill      XL: |  1  2  3  4  5  6  7  8  9 10 11 12 13 14 |
---------------+-------------------------------------------+-----
Shields        | 4 5 |  5.0
Axes           | 3 4 5 6 7 9 10 11 12 | 12.9
Armour         | 4 5 6 7 8 9 10 | 10.9
Fighting       | 4 5 6 7 8 9 10 | 10.8
Dodging        | 1 2 3 5 6 7 8 |  8.3
Staves         | 2 3 4 6 7 8 9 |  9.1
Invocations    | 1 3 5 |  5.0

Action                   |  1- 3 |  4- 6 |  7- 9 | 10-12 | 13-15 || total
-------------------------+-------+-------+-------+-------+-------++-------
Melee: War axe           |    90 |   200 |   163 |       |       ||   453
       Hand axe          |       |       |   192 |   618 |       ||   810
       Battleaxe         |       |       |       |   129 |    40 ||   169
       Staff             |       |       |       |       |   295 ||   295
Invok: Heroism           |       |       |       |    11 |     7 ||    18
       Finesse           |       |       |       |       |     2 ||     2
 Abil: Dig               |       |       |       |     3 |     5 ||     8
Evoke: Wand              |       |       |       |     3 |       ||     3
       Staff of Olgreb   |       |       |       |       |    17 ||    17
  Use: Scroll            |     3 |     6 |     7 |    11 |       ||    27
       Potion            |       |     4 |     1 |     1 |     3 ||     9
  Eat: Chunk             |       |     7 |     8 |    29 |     7 ||    51
       Ration            |       |       |     3 |     3 |     1 ||     7
Armor: Scale mail        |    23 |       |       |       |       ||    23
       Chain mail        |    21 |    78 |       |       |       ||    99
       Plate armour      |       |    43 |   158 |   314 |   131 ||   646
Dodge: Dodged            |    29 |    69 |    77 |   188 |   131 ||   494
Block: Shield            |    54 |   126 |   158 |   333 |   155 ||   826
